 Dungeon Crawl Stone Soup version 0.29.1-1-gd02db6906a (webtiles) character file.

Game seed: 16025289328908638040

9 fireball365 the Digger (level 1, 0/14 HPs)
             Began as a Demigod Earth Elementalist on Oct 5, 2022.
             Succumbed to an adder's poison
             ... on level 2 of the Dungeon.
             The game lasted 00:02:16 (302 turns).

fireball365 the Digger (Demigod Earth Elementalist)  Turns: 302, Time: 00:02:17

Health: 0/14       AC:  2    Str:  9    XL:     1   Next: 86%
Magic:  5/5        EV: 12    Int: 17    God:
Gold:   14         SH:  0    Dex: 14    Spells: 2/3 levels left

rFire   . . .      SeeInvis .   d - +0 war axe
rCold   . . .      Faith    .   (no shield)
rNeg    . . .      Spirit   .   a - +0 robe
rPois   .          Reflect  .   (no helmet)
rElec   .          Harm     .   (no cloak)
rCorr   .          Rampage  .   (no gloves)
Will    .....                   (no boots)
Stlth   ++........              (no amulet)
HPRegen 0.04/turn               (no ring)
MPRegen 0.09/turn               (no ring)

@: lethally poisoned (0 -> -12)
A: high MP 1, forlorn, divine attributes
a: no special abilities


You were on level 2 of the Dungeon.
You visited 1 branch of the dungeon, and saw 2 of its levels.

You collected 14 gold pieces.

Inventory:

Hand Weapons
 d - a +0 war axe (weapon)
 e - a +0 dagger
 h - a +0 whip
Armour
 a - a +0 robe (worn)
Scrolls
 g - a scroll of magic mapping {unknown}
Potions
 b - a potion of magic
 c - a potion of heal wounds {unknown}
 f - a potion of curing {unknown}


   Skills:
 + Level 1.7 Dodging
 + Level 2.1 Stealth
 + Level 1.9 Spellcasting
 + Level 0.8 Transmutations
 + Level 2.9 Earth Magic


You had 2 spell levels left.
You knew the following spells:

 Your Spells              Type           Power      Damage    Failure   Level
a - Sandblast             Erth           22%        2d7       6%          1

Your spell library contained the following spells:

 Spells                   Type           Power      Damage    Failure   Level
 Passwall                 Tmut/Erth      6%         N/A       14%         2
 Stone Arrow              Conj/Erth      12%        3d7       32%         3
 Petrify                  Tmut/Erth      8%         N/A       65%         4


Dungeon Overview and Level Annotations

Branches:
Dungeon (1/15)


Innate Abilities, Weirdness & Mutations

You have an increased reservoir of magic. (+10% MP)
You shall have no god before yourself.
Your divine heritage dramatically boosts your attributes as you level up.


Message History

f - a murky coppery potion
g - a scroll labelled JEUNGA GYLA You now have 14 gold pieces (gained 11).
There is a shaft here.
Casting: Sandblast (safe; 6% risk of failure)
Confirm with . or Enter, or press ? or * to list all spells.
You don't know that spell.
You fall into a shaft and drop 1 floor!
The shaft crumbles and collapses.
A kobold comes into view. It is wielding a +0 whip.
You are too injured to fight recklessly!
The blast of sand hits the kobold.
The kobold is moderately wounded.
The kobold shouts!
The blast of sand hits the kobold.
You kill the kobold!
Things that are here:
a +0 whip; a kobold corpse
Aiming: Sandblast (safe; 6% risk of failure)
Press: ? - help, Q - select action Shift-Dir - straight line, f - you
Okay, then.
h - a +0 whip You see here a kobold corpse.
There are no objects that can be picked up here. a kobold corpse
Found 2 fuming orange potions.
Found a murky coppery potion.
An adder comes into view.
You see here 2 fuming orange potions.
Found 5 stones.
The adder hisses angrily.
You closely miss the adder. The adder bites you.
You are lethally poisoned!
The adder poisons you! The adder bites you.
* * * LOW HITPOINT WARNING * * *
You are more poisoned.
The adder poisons you!
You hit the adder.
The adder is lightly wounded.
You die...

#.# #(# #.# #.#
#.# ..##.#
#.##S# #.##@#
#.##.# #.##.#
#.##.# #.##!#
#.##.#
##########.##.#
#..........##.#
#.###########.##


You could see an adder.

Vanquished Creatures
  An endoplasm (D:1)
  3 goblins (D:1)
  A hobgoblin (D:1)
  A ball python (D:1)
  A frilled lizard (D:1)
  A kobold (D:2)
  A rat (D:1)
9 creatures vanquished.

Vanquished Creatures (others)
  2 demonic plants (D:1)
2 creatures vanquished.

Grand Total: 11 creatures vanquished

Notes
Turn   | Place    | Note
-------+----------+-------------------------------------------
     0 | D:1      | fireball365 the Demigod Earth Elementalist began the quest
                  | for the Orb.
     0 | D:1      | Reached XP level 1. HP: 14/14 MP: 5/5
   115 | D:1      | Noticed an orange demon
   239 | D:1      | You fall into a shaft and drop 1 floor!
   302 | D:2      | Succumbed to an adder's poison

Illustrated notes

Levels and vault maps discovered:
D:1:      psy_arrival_statuary, layout_loops_ring,
          dreamdust_ecumenical_altar_sealed_demon
D:2:      minmay_angry_zag, layout_basic

Skill      XL: |  1 |
---------------+----+-----
Stealth        | 2 |  2.1
Dodging        | |  1.7
Spellcasting   | |  1.9
Transmutations | |  0.8
Earth Magic    | |  2.9

Action                   || total
-------------------------++-------
Melee: Unarmed           ||    12
       War axe           ||     6
 Cast: Sandblast         ||     9
Dodge: Dodged            ||     8
